 Dungeon Crawl Stone Soup version 0.28-a0-1236-gb25a51b929 (webtiles) character file.

Game seed: 9909046788410831503

5 croobank the Ducker (level 1, 0/14 HPs)
             Began as a Minotaur Air Elementalist on Dec 25, 2021.
             Slain by a quokka (4 damage)
             ... on level 1 of the Dungeon.
             The game lasted 00:02:30 (473 turns).

croobank the Ducker (Minotaur Air Elementalist)      Turns: 473, Time: 00:02:31

Health: 0/14       AC:  2    Str: 12    XL:     1   Next: 66%
Magic:  1/1        EV: 12    Int: 12    God:
Gold:   0          SH:  0    Dex: 10    Spells: 1/2 levels left

rFire   . . .      SeeInvis .   (no weapon)
rCold   . . .      Faith    .   (no shield)
rNeg    . . .      Spirit   .   a - +0 robe
rPois   .          Reflect  .   (helmet restricted)
rElec   .          Harm     .   (no cloak)
rCorr   .          Rampage  .   (no gloves)
Will    .....                   (no boots)
Stlth   ++........              (no amulet)
HPRegen 0.04/turn               (no ring)
MPRegen 0.07/turn               (no ring)

@: no status effects
A: horns 2, retaliatory headbutt
a: no special abilities


You were on level 1 of the Dungeon.
You visited 1 branch of the dungeon, and saw 2 of its levels.

Inventory:

Missiles
 b - 23 stones
Armour
 a - a +0 robe (worn)


   Skills:
 + Level 2.3 Dodging
 + Level 1.7 Stealth
 + Level 1.4 Spellcasting
 + Level 0.7 Conjurations
 + Level 2.2 Air Magic


You had one spell level left.
You knew the following spells:

 Your Spells              Type           Power      Damage    Failure   Level
a - Shock                 Conj/Air       16%        1d4       16%         1

Your spell library contained the following spells:

 Spells                   Type           Power      Damage    Failure   Level
 Static Discharge         Conj/Air       4%         N/A       24%         2
 Swiftness                Air            6%         N/A       34%         3
 Airstrike                Air            3%         N/A       75%         4


Dungeon Overview and Level Annotations

Branches:
Dungeon (2/15)

Altars:


Innate Abilities, Weirdness & Mutations

You have a pair of horns on your head.
You reflexively headbutt those who attack you in melee.


Message History

The hobgoblin misses you. The hobgoblin hits you.
The goblin closely misses you. The hobgoblin hits you.
The hobgoblin closely misses you.
There is a stone staircase leading down here.
The goblin barely misses you. You furiously retaliate!
You headbutt the goblin. The hobgoblin hits you.
The hobgoblin hits you but does no damage.
You climb downwards.
There is a stone staircase leading up here.
Casting: Shock (safe; 16% risk of failure)
Confirm with . or Enter, or press ? or * to list all spells.
Aiming: Shock (safe; 16% risk of failure)
Press: ? - help, Shift-Dir - straight line The zap hits the goblin.
You kill the goblin!
The hobgoblin misses you. The hobgoblin barely misses you.
You see here a +0 club.
Found a stone staircase leading up.
Casting: Shock (safe; 16% risk of failure)
Confirm with . or Enter, or press ? or * to list all spells.
You don't have enough magic to cast this spell.
The hobgoblin closely misses you.
A hobgoblin comes into view.
Found 2 fizzy blue potions.
The hobgoblin shouts!
There is a stone staircase leading up here.
You climb upwards.
Found a scroll labelled UNLAEF BICH.
There is a stone staircase leading down here.
Casting: Shock (safe; 16% risk of failure)
Confirm with . or Enter, or press ? or * to list all spells.
You don't have enough magic to cast this spell.
The hobgoblin hits you. The quokka bites you.
* * * LOW HITPOINT WARNING * * *
You hit the quokka but do no damage. Your headbutt misses the quokka.
The quokka barely misses you.
You closely miss the quokka. Your headbutt misses the quokka.
The quokka bites you.
You die...

..........#
..........#
..........+ .
........>.#...#
.####.......#
#.####..# #g#
#.⌠. #r# .# #@#
# #.# #.# #.#
#.# #.# #.# #.#


You could see a quokka and a hobgoblin.

Vanquished Creatures
  A bat (D:1)
  A goblin (D:2)
  A hobgoblin (D:2)
  A kobold (D:1)
4 creatures vanquished.

Notes
Turn   | Place    | Note
-------+----------+-------------------------------------------
     0 | D:1      | croobank the Minotaur Air Elementalist began the quest for
                  | the Orb.
     0 | D:1      | Reached XP level 1. HP: 14/14 MP: 1/1
   473 | D:1      | Slain by a quokka

Illustrated notes

Levels and vault maps discovered:
D:1:      dpeg_arrival_concentric_ovals, layout_basic,
          hellmonk_ecumenical_altar_blasted, grunt_decor_mini_mirrors
D:2:      layout_rooms, serial_shops, nicolae_square_shop,
          minmay_misc_feat_rugged, minivault_26, guppyfry_early_orc_mine

Action                   || total
-------------------------++-------
Melee: Unarmed           ||    11
 Cast: Shock             ||     2
Armor: Robe              ||     5
Dodge: Dodged            ||    26

Table legend: (Time is in decaauts)
 A = Elapsed time spent in this place.
 B = Non-inter-level travel time spent in this place.
 C = Inter-level travel time spent in this place.
 D = Time resting spent in this place.
 E = Time spent auto-exploring this place.
 F = Levels seen in this place.
 G = Mean time per level.
                   A        B        C        D        E       F      G
               +--------+--------+--------+--------+--------+-----+--------+
         Total |    474 |    474 |      0 |    356 |     52 |   2 |  237.0 |
       Dungeon |    474 |    474 |      0 |    356 |     52 |   2 |  237.0 |
               +--------+--------+--------+--------+--------+-----+--------+

Top non-repeatable levels by time:
     D:2: 372 daAuts
     D:1: 102 daAuts
